 Dungeon Crawl Stone Soup version 0.29-a0-824-gd827844252 (webtiles) character file.

Game seed: 6172267375216682010

447 Malachi the Covert (level 7, -1/44 (46) HPs)
             Began as an Octopode Brigand on July 10, 2022.
             Was an Initiate of Wu Jian.
             Slain by a lemure (4 damage)
             ... led by Pikel
             ... on level 4 of the Dungeon.
             The game lasted 00:04:34 (4928 turns).

Malachi the Covert (Octopode Brigand)               Turns: 4928, Time: 00:04:35

HP:   -1/44 (46)    AC:  1    Str: 10    XL:     7   Next: 3%
MP:   7/7           EV: 13    Int: 15    God:    Wu Jian [......]
Gold: 298           SH:  0    Dex: 14    Spells: 6/6 levels left

rFire   . . .      SeeInvis .   c - +9 hammer of Qiff {flame, Fly rPois}
rCold   . . .      Faith    .   (no shield)
rNeg    . . .      Spirit   .   (helmet restricted)
rPois   +          Reflect  .   (no amulet)
rElec   .          Harm     .   (no ring)
rCorr   .          Rampage  .   (no ring)
Will    .....                   (no ring)
Stlth   +++++.....              (no ring)
HPRegen 0.14/turn               (no ring)
MPRegen 0.10/turn               (no ring)
                                (no ring)
                                (no ring)

@: flying, lightly drained
A: almost no armour, amphibious, 8 rings, camouflage 1, gelatinous body 1,
(nimble swimmer 1), tentacles
a: Renounce Religion


You were on level 4 of the Dungeon.
You worshipped Wu Jian.
Wu Jian was noncommittal.
You visited 1 branch of the dungeon, and saw 5 of its levels.

You collected 298 gold pieces.

Inventory:

Hand Weapons
 a - a +2 dagger
 c - the +9 hammer of Qiff (weapon) {flame, Fly rPois}
   (You found it on level 5 of the Dungeon)

   It burns those it strikes, dealing additional fire damage.
   rPois:     It protects you from poison.
   Fly:       It grants you flight.
Missiles
 b - 13 poisoned darts (quivered)
 x - 2 curare-tipped darts
Scrolls
 g - a scroll of identify
 j - a scroll of magic mapping
 k - a scroll of teleportation
 p - 4 scrolls of enchant weapon
 t - 2 scrolls of vulnerability {unknown}
 v - a scroll of brand weapon {unknown}
 y - a scroll of immolation {unknown}
 z - a scroll of poison {unknown}
Potions
 d - a potion of ambrosia
 e - a potion of invisibility {unknown}
 f - a potion of mutation {unknown}
 h - a potion of degeneration {unknown}
 i - a potion of flight {unknown}
 l - a potion of berserk rage {unknown}
 m - 3 potions of curing {unknown}
 n - 2 potions of brilliance {unknown}
 o - 3 potions of heal wounds {unknown}
 q - a potion of haste {unknown}
 r - a potion of magic {unknown}
 s - a potion of lignification {unknown}
 u - a potion of cancellation {unknown}
 w - a potion of resistance {unknown}


   Skills:
 + Level 3.2 Fighting
 - Level 3.4 Short Blades
 - Level 1.2 Maces & Flails
 - Level 2.2 Throwing
 + Level 2.2 Dodging
 + Level 9.0 Stealth


You had 6 spell levels left.
You didn't know any spells.
Your spell library contained the following spells:

 Spells                   Type           Power      Damage    Failure   Level
 Necrotise                Necr           0%         1d4       26%         1
 Stone Arrow              Conj/Erth      0%         3d7       63%         3
 Vampiric Draining        Necr           0%         2d6       63%         3
 Agony                    Necr           0%         N/A       100%        5
 Lehudib's Crystal Spear  Conj/Erth      0%         10d2      100%        8
 Animate Armour           Summ/Erth      Unusable   N/A       N/A         4

Dungeon Overview and Level Annotations

Branches:
Dungeon (5/15)
 Temple: D:4-7

Altars:
Wu Jian

Annotations:
D:5 Pikel


Innate Abilities, Weirdness & Mutations

You cannot wear most types of armour.
You are amphibious.
You can wear up to eight rings at the same time.
Your skin changes colour to match your surroundings (Stealth+).
Your rubbery body absorbs attacks. (AC +1, EV +1)
((You are camouflaged when in or above water. (Stealth+)))
You have tentacles for arms and can constrict up to eight enemies at once.


Message History

There are monsters nearby!
Pikel and 2 lemures come into view.
Pikel is wielding a +1 whip of flaming and wearing a +2 robe of cold resistance.
The lemure shouts!
Pikel shouts!
The lemure shouts! x2
A necrophage comes into view.
The lemure shouts!
You hear a shout!
You hit the lemure. You burn the lemure. You grab the lemure.
The lemure is moderately wounded.
You constrict the lemure, but do no damage.
The lemure misses you. The lemure hits you.
You barely miss the lemure.
The lemure is moderately wounded.
You constrict the lemure. The lemure hits you but does no damage.
You barely miss the lemure. You squeeze the lemure.
The lemure is heavily wounded.
You constrict the lemure, but do no damage.
The lemure hits you!
The necrophage hits you but does no damage.
The lemure completely misses you. The lemure hits you.
Pikel hits you with a +1 whip of flaming!
Pikel burns you. The necrophage hits you.
You feel drained.
You release your grip on the lemure.
The necrophage attacks as you move away!
The necrophage hits you.
* * * LOW HITPOINT WARNING * * *
The lemure attacks as you move away! The lemure misses you.
You aren't carrying any items that you can evoke.
Unknown command.
Pikel says, "You'll rot in Tartarus!"
There is a stone staircase leading up here.
The lemure hits you!
* * * LOW HITPOINT WARNING * * *
You fly upwards.
There is a stone staircase leading down here.
Unknown command.
You closely miss the lemure. You grab the lemure.
The lemure is heavily wounded.
You constrict the lemure, but do no damage.
The lemure hits you.
You die...

.............#.#.#
.####......###...#
.# #......# ##..#
.# ######## #..#
.# #..# .# #..# .#
#..# .# #..# .#
#5@# .# #### .# .#
.# .# ##


You could see a lemure.

Vanquished Creatures
  A centaur (D:5)
  A scorpion (D:4)
  A hound (D:5)
  Crazy Yiuf (D:5)
  2 iguanas (D:4)
  An orc wizard (D:3)
  4 gnolls (D:5)
  3 adders
  An ufetubus (D:5)
  3 worms (D:2)
  6 dart slugs
  8 orcs
  7 ball pythons
  3 bats
  8 endoplasms
  A giant cockroach (D:1)
  3 goblins
  6 hobgoblins
  7 jackals
  9 kobolds
  2 quokkas (D:2)
  4 frilled lizards
  3 rats
85 creatures vanquished.

Notes
Turn   | Place    | Note
-------+----------+-------------------------------------------
     0 | D:1      | Malachi the Octopode Brigand began the quest for the Orb.
     0 | D:1      | Reached XP level 1. HP: 14/14 MP: 1/1
    66 | D:1      | Reached XP level 2. HP: 19/19 MP: 2/2
   293 | D:1      | Reached skill level 6 in Stealth
   771 | D:1      | Reached XP level 3. HP: 24/24 MP: 3/3
  1524 | D:2      | Reached XP level 4. HP: 30/30 MP: 4/4
  1578 | D:2      | Reached skill level 7 in Stealth
  1739 | D:2      | Found an ornate altar of the Wu Jian Council.
  2417 | D:2      | Became a worshipper of the Wu Jian Council
  2651 | D:3      | Reached XP level 5. HP: 35/35 MP: 5/5
  2772 | D:3      | Identified the +6 ring mail of the Ladybird {rElec Str+2
                  | Dex-2}
  2975 | D:3      | You fall into a shaft and drop 2 floors!
  2975 | D:5      | Entered Level 5 of the Dungeon
  3651 | D:4      | Reached skill level 8 in Stealth
  3788 | D:4      | Reached XP level 6. HP: 41/41 MP: 6/6
  4048 | D:5      | Found a runed translucent door.
  4049 | D:5      | Identified the +9 hammer of Qiff {flame, Fly rPois}
  4049 | D:5      | Noticed Crazy Yiuf
  4058 | D:5      | HP: 2/41 [Crazy Yiuf/+2 quarterstaff of chaos (4)]
  4059 | D:5      | Killed Crazy Yiuf
  4910 | D:5      | Reached skill level 1 in Maces & Flails
  4910 | D:5      | Reached skill level 9 in Stealth
  4910 | D:5      | Reached XP level 7. HP: 46/46 MP: 7/7
  4916 | D:5      | Noticed Pikel
  4926 | D:5      | HP: 2/44 [lemure[Pikel] (9)]
  4928 | D:4      | Slain by a lemure

Illustrated notes

Levels and vault maps discovered:
D:1:      eino_arrival_tree_alley, layout_basic
D:2:      layout_loops_corners, basic_altar, grunt_ministairs_1
D:3:      layout_loops_ring, minmay_door_square
D:4:      layout_basic
D:5:      layout_basic, mainiacjoe_overflow_paths, serial_shops,
          nicolae_shop_behind_doors, minmay_between, uniq_sigmund,
          uniq_crazy_yiuf_cottage, uniq_pikel

Skill      XL: |  1  2  3  4  5  6 |
---------------+-------------------+-----
Stealth        | 6 7 8 9 |  9.0
Short Blades   | 3 |  3.4
Fighting       | 3 |  3.2
Dodging        | 2 |  2.2
Maces & Flails | 1 |  1.2
Throwing       | |  2.2

Action                   |  1- 3 |  4- 6 |  7- 9 || total
-------------------------+-------+-------+-------++-------
Melee: Dagger            |    63 |    79 |       ||   142
       Tentacles         |    11 |    19 |     1 ||    31
       Constrict         |    14 |    23 |     2 ||    39
       Mace              |       |    23 |     4 ||    27
       Punch             |       |     1 |       ||     1
Throw: Dart              |       |     3 |       ||     3
Invok: Lunge             |       |    15 |       ||    15
  Use: Scroll            |       |     4 |       ||     4
       Potion            |       |     1 |       ||     1
 Stab: Sleeping          |    14 |    12 |       ||    26
       Distracted        |       |     1 |       ||     1
Armor: Skin              |     2 |     6 |     2 ||    10
Dodge: Dodged            |    36 |    56 |     3 ||    95

Table legend: (Time is in decaauts)
 A = Elapsed time spent in this place.
 B = Non-inter-level travel time spent in this place.
 C = Inter-level travel time spent in this place.
 D = Time resting spent in this place.
 E = Time spent auto-exploring this place.
 F = Levels seen in this place.
 G = Mean time per level.
                   A        B        C        D        E       F      G
               +--------+--------+--------+--------+--------+-----+--------+
         Total |   4921 |   4784 |    137 |    660 |   3495 |   5 |  984.2 |
       Dungeon |   4921 |   4784 |    137 |    660 |   3495 |   5 |  984.2 |
               +--------+--------+--------+--------+--------+-----+--------+

Top non-repeatable levels by time:
     D:2: 1251 daAuts
     D:1: 1176 daAuts
     D:5: 1050 daAuts
     D:4: 856 daAuts
     D:3: 586 daAuts
